 Dungeon Crawl Stone Soup version 0.19.1 (webtiles) character file.

351 CanadianGator the Conjurer (level 6, -2/32 HPs)
             Began as a Deep Elf Conjurer on Dec 15, 2016.
             Was an Initiate of Vehumet.
             Killed by divine providence
             ... invoked by an orc priest
              (11 damage)
             ... on level 4 of the Dungeon.
             The game lasted 00:12:29 (2664 turns).

CanadianGator the Conjurer (Deep Elf Conjurer)      Turns: 2664, Time: 00:12:30

Health: -2/32      AC:  7    Str:  5    XL:     6   Next: 34%
Magic:  2/16       EV: 16    Int: 22    God:    Vehumet [......]
Gold:   145        SH:  0    Dex: 15    Spells: 2 memorised, 13 levels left

rFire  . . .     SeeInvis .     e - +0 quarterstaff
rCold  . . .     Gourm    .     t - +1 animal skin
rNeg   . . .     Faith    .     (shield currently unavailable)
rPois  .         Spirit   .     k - +0 helmet
rElec  .         Reflect  .     d - +2 cloak
rCorr  .         Harm     .     (no gloves)
MR     .....                    (no boots)
Stlth  ++........               (no amulet)
                                (no ring)
                                p - ring of flight

@: lethally poisoned (-2 -> -6)
A: repulsion field 1, screaming 1, subdued magic 1
a: Renounce Religion, Evoke Flight


You were on level 4 of the Dungeon.
You worshipped Vehumet.
Vehumet was noncommittal.
You were not hungry.

You visited 2 branches of the dungeon, and saw 5 of its levels.

You collected 145 gold pieces.

Inventory:

Hand Weapons
 e - a +0 quarterstaff (weapon)
Armour
 d - a +2 cloak (worn)
 k - a +0 helmet (worn)
 t - a +1 animal skin (worn)
Jewellery
 p - a ring of flight (left hand)
Scrolls
 a - a scroll of fear
 h - 2 scrolls of magic mapping
 i - a scroll of enchant armour {unknown}
 j - 4 scrolls of remove curse
 m - a scroll of blinking {unknown}
 q - a scroll of random uselessness {unknown}
 u - a scroll of enchant weapon {unknown}
Potions
 g - 2 potions of heal wounds
 l - 3 potions of curing
 s - 2 potions of berserk rage {unknown}
 v - a potion of haste {unknown}
 w - a potion of beneficial mutation {unknown}
 z - a potion of flight {unknown}
Books
 b - a book of Conjurations

   Spells                             Type                      Level
   a - Magic Dart                     Conjuration                  1
   b - Searing Ray                    Conjuration                  2
   c - Dazzling Spray                 Conjuration/Hexes            3
   d - Fulminant Prism                Conjuration/Hexes            4
   e - Iskenderun's Mystic Blast      Conjuration                  4
   f - Iskenderun's Battlesphere      Conjuration/Charms           5
 n - a book of Minor Magic

   Spells                             Type                      Level
   a - Magic Dart                     Conjuration                  1
   b - Blink                          Translocation                2
   c - Call Imp                       Summoning                    2
   d - Repel Missiles                 Charms/Air                   2
   e - Slow                           Hexes                        2
   f - Conjure Flame                  Conjuration/Fire             3
   g - Mephitic Cloud                 Conjuration/Poison/Air       3
Comestibles
 c - 4 bread rations
 f - 5 fruits
 o - 2 meat rations
 r - a beef jerky


   Skills:
 + Level 1.7 Staves
 + Level 1.0 Armour
 + Level 3.5 Dodging
 - Level 2.4 Stealth
 * Level 5.8 Spellcasting
 * Level 6.2 Conjurations


You had 13 spell levels left.
You knew the following spells:

 Your Spells              Type           Power        Failure   Level  Hunger
a - Magic Dart            Conj           ####         1%          1    None
b - Searing Ray           Conj           ####..       1%          2    None


Dungeon Overview and Level Annotations

Branches:
Dungeon (4/15)             Temple (1/1) D:4

Altars:
Dithmenos
Elyvilon
Vehumet

Shops:
D:4 :


Innate Abilities, Weirdness & Mutations

You are surrounded by a mild repulsion field. (EV +2)
You occasionally shout uncontrollably at your foes.
Your spells are a little easier to cast, but a little less powerful.


Message History

The worker ant bites you!
You are poisoned.
The worker ant poisons you!
The searing ray hits the worker ant.
The worker ant is almost dead.
The searing ray hits the orc.
You kill the orc!
Vehumet accepts your kill.
You finish channeling your searing ray.
You feel sick.
The worker ant bites you but does no damage.
The orc priest mumbles some strange prayers to Beogh against you.
Beogh smites you!
You hit the worker ant.
You kill the worker ant!
Vehumet accepts your kill.
You feel sick. The orc barely misses you.
You closely miss the orc.
The orc priest calls down the wrath of Beogh upon you.
Beogh smites you!
You die...

####.###...####)#,*
#.####.#####.#,* #.##.........#,*
#...........)#,* ####.#[...)....#
* #....#..#.### ** ***
#.#.....#.# ,**********,**
#...[...#.# ,,,,,,<,,,,,,*
#@#.....(.# *** ,****,*****,,*
#.oo....### *,, ** *,* *,,*
#####...# ***,* * *,* *,,* #...#
*,.,, *,* *,,* #...######.#**
*****,*****,,**** #..o........,*
,,,,,,,,,*,,,,,.####.>.###..#.#,*
,,,,*,,,,,,,,,................#,*
,,,,,,,*,*,*,,..........([....#,,


You could see an orc priest and an orc.

Vanquished Creatures
  A scorpion (D:4)
  A centaur zombie (D:4)
  Natasha (thrice) (D:3)
  Ijyb (D:2)
  A worker ant (D:4)
  Robin (D:2)
  2 adders (D:3)
  An ooze (D:2)
  3 worms (D:2)
  2 dart slugs (D:3)
  5 leopard geckos
  8 orcs
  9 bats
  4 giant cockroaches
  9 goblins
  8 hobgoblins
  4 jackals (D:2)
  9 kobolds
  3 quokkas
  6 frilled lizards
  3 rats (D:3)
84 creatures vanquished.

Vanquished Creatures (others)
  A quokka (D:2)
1 creature vanquished.

Grand Total: 85 creatures vanquished

Notes
Turn   | Place    | Note
-------+----------+-------------------------------------------
     0 | D:1      | CanadianGator the Deep Elf Conjurer began the quest for the Orb.
     0 | D:1      | Reached XP level 1. HP: 10/10 MP: 6/6
    82 | D:1      | Reached XP level 2. HP: 15/15 MP: 0/8
   218 | D:1      | Learned a level 2 spell: Searing Ray
   607 | D:1      | Gained mutation: You occasionally shout uncontrollably at your foes. [potion of mutation]
   607 | D:1      | Gained mutation: You are surrounded by a mild repulsion field. (EV +2) [potion of mutation]
   607 | D:1      | Gained mutation: Your spells are a little easier to cast, but a little less powerful. [potion of mutation]
   763 | D:2      | Reached skill level 5 in Conjurations
   763 | D:2      | Reached XP level 3. HP: 16/19 MP: 1/10
   901 | D:2      | Noticed Robin
   917 | D:2      | Killed Robin
  1095 | D:2      | Reached XP level 4. HP: 21/24 MP: 3/12
  1191 | D:2      | Noticed Ijyb
  1201 | D:2      | Killed Ijyb
  1225 | D:2      | Found a white marble altar of Elyvilon.
  1540 | D:3      | Reached skill level 1 in Staves
  1544 | D:3      | Noticed Natasha
  1565 | D:3      | Killed Natasha
  1565 | D:3      | Reached XP level 5. HP: 14/28 MP: 3/14
  1869 | D:3      | Noticed Natasha
  1873 | D:3      | Killed Natasha
  1873 | D:3      | Reached skill level 5 in Spellcasting
  1950 | D:3      | Noticed Natasha
  1954 | D:3      | Killed Natasha
  1954 | D:3      | Reached skill level 1 in Armour
  2418 | D:4      | Reached XP level 6. HP: 32/32 MP: 6/16
  2445 | D:4      | Found Ihich's Book Shoppe.
  2596 | D:4      | Found a staircase to the Ecumenical Temple.
  2605 | Temple   | Entered the Ecumenical Temple
  2620 | Temple   | Became a worshipper of Vehumet
  2659 | D:4      | Reached skill level 6 in Conjurations
  2664 | D:4      | Killed from afar by an orc priest

Skill      XL: |  1  2  3  4  5  6 |
---------------+-------------------+-----
Conjurations   | 5 6 |  6.2
Spellcasting   | 4 5 |  5.8
Staves         | 1 |  1.7
Dodging        | 3 |  3.5
Armour         | 1 |  1.0
Stealth        | |  2.4

Action                   |  1- 3 |  4- 6 || total
-------------------------+-------+-------++-------
Melee: Unarmed           |     9 |       ||     9
       Quarterstaff      |    20 |    16 ||    36
 Cast: Magic Dart        |    48 |    47 ||    95
       Searing Ray       |     7 |    22 ||    29
  Use: Scroll            |     3 |     3 ||     6
       Potion            |     1 |       ||     1
  Eat: Chunk             |       |     5 ||     5
Armor: Robe              |     2 |       ||     2
       Animal skin       |     3 |     9 ||    12
       Leather armour    |     2 |       ||     2
Dodge: Dodged            |    36 |    25 ||    61
